 Dungeon Crawl Stone Soup version 0.30-a0-639-g3916f1956a (webtiles) character file.

Game seed: 6883635452646184131

737 ryw the Shield-Bearer (level 7, -20/44 HPs)
             Began as a Gargoyle Fighter on Jan 17, 2023.
             Was a Follower of Zin.
             Demolished by an ogre
             ... wielding a +0 giant club
              (23 damage)
             ... on level 5 of the Dungeon.
             The game lasted 00:08:23 (4390 turns).

ryw the Shield-Bearer (Gargoyle Fighter)            Turns: 4390, Time: 00:08:24

Health: -20/44     AC: 14    Str: 21    XL:     7   Next: 74%
Magic:  7/7        EV: 10    Int:  9    God:    Zin [*.....]
Gold:   181        SH: 11    Dex:  9    Spells: 6/6 levels left

rFire   . . .      SeeInvis +    a - +0 war axe
rCold   . . .      Faith    .    c - +1 buckler
rNeg    + . .      Spirit   .    b - +0 scale mail
rPois   ∞          Reflect  +    (no helmet)
rElec   +          Harm     .    (no cloak)
rCorr   .          Rampage  .    h - +1 pair of gloves "Zuaw" {Will+}
Will    +....                    (no boots) Stlth
                                 n - amulet of reflection
HPRegen 0.27/turn                i - ring of see invisible
MPRegen 0.10/turn                (no ring)

@: no status effects
A: sickness immunity, AC +4, negative energy resistance 1, electricity
resistance, torment resistance 1, petrification resistance
a: Renounce Religion, Recite, Donate Gold


You were on level 5 of the Dungeon.
You worshipped Zin.
Zin was aware of your devotion.
You visited 1 branch of the dungeon, and saw 5 of its levels.

You collected 291 gold pieces.
You spent 90 gold pieces at shops.
You donated 20 gold pieces to Zin.

Inventory:

Hand Weapons
 a - a +0 war axe (weapon)
Missiles
 d - a throwing net (quivered)
Armour
 b - a +0 scale mail (worn)
 c - a +1 buckler (worn)
 h - the +1 pair of gloves "Zuaw" (worn) {Will+}
   (You found it on level 4 of the Dungeon)

   Will:      It increases your willpower.
Jewellery
 g - a ring of wizardry
 i - a ring of see invisible (left hand)
 n - an amulet of reflection (around neck)
Scrolls
 e - 4 scrolls of immolation
 k - a scroll of blinking
 l - a scroll of torment
 m - a scroll of magic mapping
 q - a scroll of poison
Potions
 f - 2 potions of degeneration {unknown}
 j - 3 potions of haste {unknown}
 o - 3 potions of brilliance
 p - 3 potions of curing
 r - a potion of flight {unknown}
 s - a potion of attraction {unknown}


   Skills:
 + Level 5.3 Fighting
 + Level 3.7 Axes
 + Level 5.3 Armour
 - Level 2.0 Dodging
 + Level 5.4 Shields
 + Level 1.1 Invocations


You had 6 spell levels left.
You didn't know any spells.
Your spell library was empty.

Dungeon Overview and Level Annotations

Branches:
Dungeon (5/15)
 Temple: D:4-7

Altars:
Ashenzari
Kikubaaqudgha
Ru
Wu Jian
Xom
Yredelemnul
Zin
The Shining One

Annotations:
D:3 Dowan, Duvessa
D:4 Sigmund


Innate Abilities, Weirdness & Mutations

You are immune to sickness and miasma.
Your stone body is resilient. (AC +4)
You are immune to poison.
You resist negative energy. (rN+)
You are resistant to electric shocks. (rElec)
You are resistant to unholy torment.
You are immune to petrification.


Message History

You hit the howler monkey.
The howler monkey is almost dead.
You hit the centaur. You block the howler monkey's attack.
The centaur hits you but does no damage.
The centaur kicks you but does no damage.
The howler monkey hits you but does no damage.
The centaur hits you but does no damage.
The centaur barely misses you.
You barely miss the centaur.
The centaur is lightly wounded.
You hit the howler monkey. You block the centaur's attack.
The centaur kicks you but does no damage.
The howler monkey hoots and howls with incredible vigour!
The centaur hits you. The centaur misses you.
The centaur attacks as you move away! You block the centaur's attack. x2
The howler monkey attacks as you move away!
You block the howler monkey's attack.
The howler monkey hits you but does no damage.
You completely miss the howler monkey.
The howler monkey is almost dead.
The howler monkey barely misses you.
You slash the howler monkey!
You kill the howler monkey!
The centaur hits you but does no damage.
The centaur kicks you but does no damage.
Your Invocations skill increases to level 1!
You slash the centaur!
The centaur is heavily wounded.
The centaur hits you but does no damage.
You block the centaur's attack. The centaur barely misses you. x2
The ogre hits you with a +0 giant club!!
Ouch! That really hurt!
* * * LOW HITPOINT WARNING * * *
You barely miss the centaur.
The centaur is heavily wounded.
You slash the ogre! You block the centaur's attack. x2
The centaur barely misses you. The centaur closely misses you.
The ogre hits you with a +0 giant club!!
Ouch! That really hurt!
You die...

.. ...... ###...####
... #...####...####
.... #...#.........#
....# #...#.#.......#
.....###.....#.......#
#...##..###.......#
...###....## #.......#
......O>### #.......#
....#.#@# #.......#
......#c# #########
......†..# ###......#
##.....# #.....#
#.....# #.....#
#.....#


You could see an ogre and a centaur.

Vanquished Creatures
  Edmund (D:4)
  An ice beast (D:4)
  A black bear (D:4)
  A scorpion (D:4)
  A howler monkey (D:5)
  An orc priest (D:3)
  A gnoll bouda (D:4)
  An iguana (D:4)
  Natasha (twice) (D:2)
  8 gnolls
  3 adders
  A white imp (D:5)
  4 dart slugs
  8 orcs
  3 bats
  5 endoplasms
  6 giant cockroaches
  6 goblins
  5 hobgoblins
  6 kobolds
  A quokka (D:1)
  8 ball pythons
  5 frilled lizards
  9 rats
88 creatures vanquished.

Vanquished Creatures (others)
  21 plants
21 creatures vanquished.

Grand Total: 109 creatures vanquished

Notes
Turn   | Place    | Note
-------+----------+-------------------------------------------
     0 | D:1      | ryw the Gargoyle Fighter began the quest for the Orb.
     0 | D:1      | Reached XP level 1. HP: 14/14 MP: 1/1
   129 | D:1      | Reached XP level 2. HP: 19/19 MP: 2/2
   548 | D:1      | Reached XP level 3. HP: 23/23 MP: 3/3
  1258 | D:2      | Found a faded altar of an unknown god.
  1276 | D:2      | Noticed Natasha
  1290 | D:2      | Killed Natasha
  1291 | D:2      | Reached skill level 1 in Dodging
  1291 | D:2      | Reached XP level 4. HP: 20/29 MP: 4/4
  1493 | D:2      | Found a glowing golden altar of the Shining One.
  1589 | D:2      | Noticed Natasha
  1601 | D:2      | Killed Natasha
  2046 | D:3      | Reached XP level 5. HP: 33/33 MP: 5/5
  2454 | D:3      | Found a shimmering altar of Xom.
  2715 | D:3      | Found a sacrificial altar of Ru.
  2811 | D:3      | Found an ornate altar of the Wu Jian Council.
  2811 | D:3      | Found a basalt altar of Yredelemnul.
  2868 | D:4      | Found Zin's Purification Station.
  2870 | D:4      | Found a glowing silver altar of Zin.
  2877 | D:4      | Bought a potion of curing for 90 gold pieces
  2880 | D:4      | Became a worshipper of Zin the Law-Giver
  2880 | D:4      | Reached * piety under Zin
  2896 | D:4      | Reached XP level 6. HP: 37/38 MP: 6/6
  2938 | D:4      | Noticed Duvessa
  2938 | D:4      | Noticed Dowan
  3070 | D:4      | Identified the +1 pair of gloves "Zuaw" {Will+}
  3287 | D:4      | Noticed an ice beast
  3288 | D:4      | Noticed Sigmund
  3414 | D:4      | Killed an ice beast
  3446 | D:4      | Noticed Edmund
  3651 | D:4      | Killed Edmund
  3652 | D:4      | Reached skill level 5 in Shields
  3652 | D:4      | Reached XP level 7. HP: 44/44 MP: 7/7
  3968 | D:5      | Entered Level 5 of the Dungeon
  3995 | D:5      | Found a broken altar of Ashenzari.
  4013 | D:4      | Reached skill level 5 in Armour
  4044 | D:4      | Reached skill level 5 in Fighting
  4254 | D:5      | Found an ancient bone altar of Kikubaaqudgha.
  4389 | D:5      | Reached skill level 1 in Invocations
  4390 | D:5      | Demolished by an ogre

Illustrated notes

Levels and vault maps discovered:
D:1:      dpeg_arrival_castle, layout_basic, serial_bayou, serial_bayou_pond_e,
          serial_bayou_pond_e, serial_bayou_shore_a, serial_bayou_lake_a,
          serial_bayou_pond_d, serial_bayou_pond_e,
          hangedman_abyss_or_decor_stabs, minmay_misc_feat_room
D:2:      cheibrodos_old_hovel, layout_loops_ring,
          hellmonk_ecumenical_altar_zigzags, basic_altar, st_stairs_14,
          minmay_diced_spiral, uniq_natasha
D:3:      layout_loops_ring, mainiacjoe_overflow_tiny_flanked, xom_teletrap_fun,
          gammafunk_temple_overflow_elements
D:4:      layout_basic, zin_purify, uniq_sigmund, uniq_edmund, uniq_duvessa
D:5:      layout_basic, old_standard_altar, lemuel_doored_altar,
          kennysheep_mini_moat, chequers_serial_rivers_small_3,
          kennysheep_potato

Skill      XL: |  1  2  3  4  5  6  7 |
---------------+----------------------+-----
Axes           | 2 3 |  3.7
Dodging        | 1 2 |  2.0
Armour         | 4 5 |  5.3
Shields        | 4 5 |  5.4
Fighting       | 4 5 |  5.3
Invocations    | 1 |  1.1

Action                   |  1- 3 |  4- 6 |  7- 9 || total
-------------------------+-------+-------+-------++-------
Melee: War axe           |   120 |   129 |    75 ||   324
  Use: Scroll            |     8 |     2 |     1 ||    11
       Potion            |       |     1 |       ||     1
Armor: Scale mail        |    55 |    48 |    47 ||   150
Dodge: Dodged            |    42 |    55 |    39 ||   136
Block: Buckler           |    38 |    74 |    49 ||   161
       Reflection        |       |     1 |     1 ||     2

Table legend: (Time is in decaauts)
 A = Elapsed time spent in this place.
 B = Non-inter-level travel time spent in this place.
 C = Inter-level travel time spent in this place.
 D = Time resting spent in this place.
 E = Time spent auto-exploring this place.
 F = Levels seen in this place.
 G = Mean time per level.
                   A        B        C        D        E       F      G
               +--------+--------+--------+--------+--------+-----+--------+
         Total |   4601 |   4372 |    229 |    371 |   2892 |   5 |  920.2 |
       Dungeon |   4601 |   4372 |    229 |    371 |   2892 |   5 |  920.2 |
               +--------+--------+--------+--------+--------+-----+--------+

Top non-repeatable levels by time:
     D:1: 1216 daAuts
     D:3: 1144 daAuts
     D:4: 1140 daAuts
     D:2: 759 daAuts
     D:5: 339 daAuts
